 Dungeon Crawl Stone Soup version 0.23-a0-49-gd9f7a49 (webtiles) character file.

101 Gergoth the Digger (level 4, 0/24 HPs)
             Began as a Gargoyle Earth Elementalist on Aug 6, 2018.
             Slain by an ogre
             ... wielding a +0 giant club
              (19 damage)
             ... on level 2 of the Dungeon.
             The game lasted 00:02:33 (1234 turns).

Gergoth the Digger (Gargoyle Earth Elementalist)    Turns: 1234, Time: 00:02:33

Health: 0/24       AC:  6    Str: 12    XL:     4   Next: 75%
Magic:  6/9        EV: 12    Int: 16    God:
Gold:   65         SH:  0    Dex: 10    Spells: 8/9 levels left

rFire    . . .     SeeInvis .   m - +2 whip (drain)
rCold    . . .     Gourm    .   (no shield)
rNeg     + . .     Faith    .   h - +0 robe (curse)
rPois    ∞         Spirit   .   (no helmet)
rElec    +         Reflect  .   e - +0 cloak
rCorr    .         Harm     .   (no gloves)
MR       .....                  (no boots)
Stlth    ++........             (no amulet)
HPRegen  0.08/turn              (no ring)
MPRegen  0.11/turn              (no ring)

@: no status effects
A: negative energy resistance 1, electricity resistance, unbreathing,
petrification resistance, rot immunity, AC +3
a: no special abilities


You were on level 2 of the Dungeon.
You were not hungry.

You visited 1 branch of the dungeon, and saw 2 of its levels.

You collected 65 gold pieces.

Inventory:

Hand Weapons
 a - a +0 dagger
 m - a +2 whip of draining (weapon)
Missiles
 b - 72 stones (quivered)
Armour
 e - a +0 cloak (worn)
 h - a cursed +0 robe (worn)
 k - a cursed +0 ring mail
Scrolls
 c - a scroll of enchant armour {unknown}
 j - a scroll of identify {unknown}
 l - a scroll of remove curse {unknown}
Potions
 g - 2 potions of curing {unknown}
 i - 2 potions of might {unknown}
 n - 2 potions of brilliance {unknown}
Comestibles
 d - 3 rations
 f - 9 chunks of flesh


   Skills:
 - Level 1.5 Dodging
 - Level 2.1 Stealth
 + Level 3.4 Spellcasting
   Level 0.7 Transmutations
 + Level 5.2 Earth Magic


You had 8 spell levels left.
You knew the following spells:

 Your Spells              Type           Power        Failure   Level  Hunger
a - Sandblast             Erth           ###...       1%          1    None

Your spell library contained the following spells:

 Spells                   Type           Power        Failure   Level  Hunger
 Stone Arrow              Conj/Erth      ##....       19%         3    ###....
 Passwall                 Tmut/Erth      ##......     8%          2    ##.....
 Lee's Rapid Deconstruct  Erth           ###.......   50%         5    ######.
 Petrify                  Tmut/Erth      ##......     45%         4    ####...


Dungeon Overview and Level Annotations

Branches:
Dungeon (2/15)

Altars:


Innate Abilities, Weirdness & Mutations

You are resistant to torment.
Your stone body is resilient. (AC +3)
You are immune to poison.
You resist negative energy. (rN+)
You are resistant to electric shocks. (rElec)
You can survive without breathing.
You are immune to petrification.
You are immune to rotting.


Message History

b - 74 stones
Casting: Sandblast (safe; 1% risk of failure)
Confirm with . or Enter, or press ? or * to list all spells.
Aiming: Sandblast (safe; 1% risk of failure)
Press: ? - help, Shift-Dir - straight line, f/p - ogre
Aim: an ogre, wielding a giant club (moderately wounded)
The blast of sand hits the ogre.
The ogre is severely wounded.
b - 73 stones
Casting: Sandblast (safe; 1% risk of failure)
Confirm with . or Enter, or press ? or * to list all spells.
Aiming: Sandblast (safe; 1% risk of failure)
Press: ? - help, Shift-Dir - straight line, f/p - ogre
Aim: an ogre, wielding a giant club (severely wounded)
The blast of sand hits the ogre.
The ogre is almost dead.
b - 72 stones The ogre hits you with a giant club!!
Ouch! That really hurt!
You die...

... ..# .## #. ...
!($.#..#.# #. #..
#(.#..#.###.## #..
?....#.. ...# #..
...?#.# #..# #..
#..##.###..# #..
.######..#..##...#####..
......O@.#...........##.
##.....÷....##.#.###.##.
###......#)##.#.# #.##.
........###.##..>###.##.
######### #.............
#.##..####.##† #.##..#
#.##. #.##..# #....
#.>........#..


You could see an ogre.

Vanquished Creatures
  A hound (D:2)
  2 adders (D:2)
  A gnoll (D:1)
  2 dart slugs
  3 leopard geckos (D:2)
  A giant cockroach (D:1)
  5 goblins
  5 hobgoblins
  2 bats (D:2)
  A frilled lizard (D:2)
  7 kobolds
  4 rats
34 creatures vanquished.

Notes
Turn   | Place    | Note
-------+----------+-------------------------------------------
     0 | D:1      | Gergoth the Gargoyle Earth Elementalist began the quest for the Orb.
     0 | D:1      | Reached XP level 1. HP: 10/10 MP: 3/3
    75 | D:1      | Reached skill level 4 in Earth Magic
    75 | D:1      | Reached XP level 2. HP: 15/15 MP: 3/5
   571 | D:1      | Reached XP level 3. HP: 11/19 MP: 0/7
   808 | D:2      | Reached XP level 4. HP: 7/24 MP: 5/8
  1125 | D:2      | Reached skill level 5 in Earth Magic
  1228 | D:2      | Noticed an ogre
  1234 | D:2      | Slain by an ogre

Vault maps used:
D:1:      dpeg_arrival_radiant, minmay_pentomino_w2
D:2:      first_ration, minmay_randomly_rotated_circles

Skill      XL: |  1  2  3  4 |
---------------+-------------+-----
Earth Magic    | 4 5 |  5.2
Spellcasting   | 3 |  3.4
Dodging        | |  1.5
Stealth        | |  2.1
Transmutations | |  0.7

Action                   |  1- 3 |  4- 6 || total
-------------------------+-------+-------++-------
Melee: Dagger            |    40 |    26 ||    66
       Whip              |       |    15 ||    15
 Cast: Sandblast         |    20 |    15 ||    35
  Eat: Chunk             |       |     1 ||     1
Armor: Robe              |    13 |    14 ||    27
Dodge: Dodged            |    38 |    32 ||    70

Table legend:
 A = Spawn XP
 B = Non-spawn XP
 C = Spawn XP percentage of total XP
 D = Spawn monster count
 E = Non-spawn monster count
 F = Spawn count percentage of total count
 G = Total turns spent on level
                    A         B        C        D         E        F      G
               +---------+---------+-------+---------+---------+-------+---------
         Total |       0 |     145 |   0.0 |       0 |      34 |   0.0 |  1234
               +---------+---------+-------+---------+---------+-------+---------
           D:1 |       0 |      40 |   0.0 |       0 |      15 |   0.0 |   771
           D:2 |       0 |     105 |   0.0 |       0 |      19 |   0.0 |   463
               +---------+---------+-------+---------+---------+-------+---------
